 Dungeon Sprint DCSS version 0.27-a0-46-g34d46f0a3f (webtiles) character file.

Game seed: 18352626681445503168

25381 mhtbhm the Sorcerer (level 12, -2/59 HPs)
             Began as a Deep Elf Earth Elementalist on Jan 7, 2021.
             Was the Champion of Vehumet.
             Slain by Polyphemus (5 damage)
             ... in the Dungeon (Sprint III: "The Ten Rune Challenge").
             The game lasted 00:13:06 (3317 turns).

mhtbhm the Sorcerer (Deep Elf Earth Elementalist)   Turns: 3317, Time: 00:13:07

Health: -2/59      AC:  9    Str:  6    XL:     12   Next: 89%
Magic:  12/44      EV: 15    Int: 25    God:    Vehumet [******]
Gold:   1942       SH:  0    Dex: 15    Spells: 31/63 levels left

rFire    . . .     SeeInvis .   B - staff of conjuration
rCold    . . .     Faith    .   (no shield)
rNeg     . . .     Spirit   .   c - +2 robe {rPois}
rPois    +         Reflect  .   a - +0 helmet
rElec    .         Harm     .   (no cloak)
rCorr    .         Rampage  .   (no gloves)
Will     +....     NoTele   +   r - +1 pair of boots {run}
Stlth    ++........             (no amulet)
HPRegen  0.19/turn              (no ring)
MPRegen  0.29/turn              (no ring)

@: quick
A: thin metallic scales 1, MP-powered wands
a: Renounce Religion


You were in the Dungeon.
You worshipped Vehumet.
Vehumet was exalted by your worship.
You visited 1 branch You collected 2129 gold pieces.
You spent 187 gold pieces at shops.

Inventory:

Hand Weapons
 D - the +10 glaive of Ashenzari's Scorn {protect, +Inv rPois rF++ Int-2}
   (You found it in the Dungeon)

   It grants its wielder temporary protection when it strikes (+7 to AC).
   It affects your intelligence (-2).
   It greatly protects you from fire.
   It protects you from poison.
   It lets you turn invisible.
Missiles
 b - 11 stones (quivered)
Armour
 a - a +0 helmet (worn)
 c - a +2 robe of poison resistance (worn)
 r - a +1 pair of boots of running (worn)
 C - a +0 robe of resistance
Magical Staves
 B - an uncursed staff of conjuration (weapon)
Jewellery
 s - an uncursed ring of wizardry
 t - the amulet "Quotodop" {Faith Stlth+, unknown}
   (You found it in the Dungeon)

   [amulet of faith]

   It allows you to gain divine favour quickly.
   It makes you more stealthy.
 u - a +6 ring of intelligence {unknown}
 x - the ring of Jimizila {Ice rPois Dex+2}
   (You took it off a deep elf annihilator in the Dungeon)

   [ring of ice]

   It enhances your ice magic.
   It affects your dexterity (+2).
   It makes you vulnerable to fire.
   It protects you from cold.
   It protects you from poison.
 y - an uncursed amulet of guardian spirit
 z - the macabre finger necklace {rN+}
   (You took it off a deep elf demonologist in the Dungeon)

   [amulet of nothing]

   It protects you from negative energy.
 A - an uncursed ring of protection from fire
Wands
 p - a wand of flame (17)
 v - a wand of iceblast (13)
Scrolls
 i - a scroll of blinking
 k - 3 scrolls of torment {unknown}
 l - 3 scrolls of identify {unknown}
 m - a scroll of immolation {unknown}
 n - 4 scrolls of amnesia {unknown}
 w - 2 scrolls of silence {unknown}
Potions
 d - 2 potions of curing
 e - a potion of heal wounds
 f - 2 potions of haste
 g - 2 potions of magic
 h - 3 potions of berserk rage
 j - 5 potions of attraction {unknown}
Miscellaneous
 q - a tin of tremorstones (2/2)


   Skills:
 + Level 0.2 Fighting
 + Level 5.5 Dodging
 - Level 2.7 Stealth
 + Level 26.3 Spellcasting
 + Level 6.6 Conjurations
 + Level 5.4 Transmutations
 + Level 4.8 Fire Magic
 + Level 22.7 Earth Magic
 + Level 1.7 Evocations


You had 31 spell levels left.
You knew the following spells:

 Your Spells              Type           Power        Failure   Level
a - Sandblast             Erth           100%         0%          1
b - Passwall              Tmut/Erth      66%          0%          2
c - Stone Arrow           Conj/Erth      100%         0%          3
d - Lee's Rapid Deconstr  Erth           49%          0%          5
e - Petrify               Tmut/Erth      80%          1%          4
f - Sticky Flame          Conj/Fire      75%          1%          4
g - Bolt of Magma         Conj/Fire/Erth 47%          1%          5
h - Lehudib's Crystal Sp  Conj/Erth      51%          4%          8

Your spell library contained the following spells:

 Spells                   Type           Power        Failure   Level
 Iskenderun's Battlesphe  Conj           79%          1%          5
 Animate Skeleton         Necr           64%          1%          1
 Apportation              Tloc           64%          1%          1
 Corona                   Hex            35%          1%          1
 Summon Small Mammal      Summ           100%         1%          1
 Irradiate                Conj/Tmut      38%          1%          5
 Statue Form              Tmut/Erth      53%          1%          6
 Blade Hands              Tmut           28%          2%          5
 Yara's Violent Unravell  Hex/Tmut       23%          2%          5
 Ice Form                 Ice/Tmut       46%          3%          4
 Eringya's Noxious Bog    Tmut/Pois      23%          13%         6
 Hydra Form               Tmut           28%          16%         6
 Dragon Form              Tmut           28%          63%         7
 Chain Lightning          Conj/Air       32%          97%         8
 Absolute Zero            Ice            16%          100%        9
 Fire Storm               Conj/Fire      37%          100%        9


Dungeon Overview and Level Annotations

Branches:
Dungeon (1/1)

Altars:
Cheibriados
Dithmenos
Elyvilon
Fedhas
Gozag
Hepliaklqana
Kikubaaqudgha
Makhleb
Nemelex Xobeh
Okawaru
Qazlal
Ru
Sif Muna
Trog
Uskayaw
Vehumet
Wu Jian
Xom
Yredelemnul
Zin
The Shining One
Beogh
Jiyva
Lugonu

Shops:
D [

Annotations:
D Ilsuiw, Polyphemus


Innate Abilities, Weirdness & Mutations

You are partially covered in thin metallic scales. (AC +2)
You expend magic power (3 MP) to strengthen your wands.


Message History

Ilsuiw freezes you. Polyphemus hits you.
Polyphemus hits you but does no damage.
Unknown command.
Unknown command.
Casting: Lee's Rapid Deconstruction (safe; 0% risk of failure)
Confirm with . or Enter, or press ? or * to list all spells.
Aiming: Lee's Rapid Deconstruction (safe; 0% risk of failure)
Press: ? - help, Dir - move target A rock wall.
The wall shatters!
The blast of rock fragments hits Polyphemus!
Polyphemus is severely wounded.
The blast of rock fragments hits Ilsuiw!
Ilsuiw is almost dead.
Ilsuiw casts a spell.
Polyphemus hits you!!
Ouch! That really hurt!
* * * LOW HITPOINT WARNING * * *
Polyphemus hits you.
You die...

#≈≈≈§§§§≈≈♣♣♣♣♣♣♣#..♣♣
#≈≈.≈≈§≈≈≈♣ ###'♣♣♣♣
##+####'#######♣
♣♣♣♣.##..
.........).....♣♣
♣...##.##
#+#############'♣
♣♣.##.##.
#≈P...†.†....♣
♣..#.##.
..+≈≈.(†########♣♣
♣♣.##.##
J.#≈≈≈.†...E.E..P♣
♣♣.##÷##
J.#≈≈≈≈...@CmE...♣
♣.....# #
###########'####
####### ▓≈Y≈ ▓≈≈≈≈≈
▓≈C≈..≈≈ ▓≈≈....≈
▓≈≈≈..≈≈ ▓≈≈≈m≈≈≈


You could see Polyphemus, Ilsuiw and 3 water elementals.

Vanquished Creatures
  Rupert (D)
  A deep elf blademaster (D)
  A deep elf demonologist (D)
  3 deep elf annihilators (D)
  A deep elf death mage (D)
  A deep elf high priest (D)
  Erolcha (D)
  4 death yaks (D)
  Urug (D)
  An orc high priest (D)
  A small abomination (D)
  6 deep elf magi (D)
  A lindwurm (D)
  2 orc sorcerers (D)
  2 black mambas (D)
  2 cane toads (D)
  A komodo dragon (D)
  A rime drake (D)
  3 wandering mushrooms (D)
  2 tyrant leeches (D)
  8 blink frogs (D)
  3 dream sheep (D)
  5 redbacks (D)
  A shadow (D)
  A spatial vortex (D)
  A swamp drake (D)
  4 orc warriors (D)
  A necrophage (D)
  5 two-headed ogres (D)
  A water elemental (D)
  An orc priest (D)
  A jelly (D)
  5 orc wizards (D)
  A wizard (D)
  Jessica (D)
  A necromancer (D)
  3 humans (D)
  A kobold demonologist (D)
  A wolf (D)
  4 orcs (D)
  A kobold (D)
  2 rats (D)
  A crawling corpse (D)
89 creatures vanquished.

Vanquished Creatures (others)
  A hellion (D)
  5 plants (D)
6 creatures vanquished.

Grand Total: 95 creatures vanquished

Notes
Turn   | Place    | Note
-------+----------+-------------------------------------------
     0 | D        | mhtbhm the Deep Elf Earth Elementalist began the quest for
                  | the Orb.
     0 | D        | Reached XP level 1. HP: 10/10 MP: 6/6
    54 | D        | Noticed Jessica
    57 | D        | Killed Jessica
    58 | D        | Reached skill level 4 in Spellcasting
    58 | D        | Reached skill level 5 in Earth Magic
    58 | D        | Reached XP level 2. HP: 15/15 MP: 3/9
    68 | D        | Learned a level 2 spell: Passwall
   133 | D        | Gained mutation: You are robust. (+10% HP) [potion of
                  | mutation]
   133 | D        | Gained mutation: You are very robust. (+20% HP) [potion of
                  | mutation]
   169 | D        | Lost mutation: You are very robust. (+20% HP) [potion of
                  | mutation]
   169 | D        | Gained mutation: Your spells are a little harder to cast,
                  | but a little more powerful. [potion of mutation]
   169 | D        | Gained mutation: You have sharp toenails. [potion of
                  | mutation]
   170 | D        | Lost mutation: Your spells are a little harder to cast, but
                  | a little more powerful. [potion of mutation]
   170 | D        | Lost mutation: You are robust. (+10% HP) [potion of
                  | mutation]
   170 | D        | Lost mutation: You have sharp toenails. [potion of
                  | mutation]
   170 | D        | Gained mutation: You are weak. (Str -2) [potion of
                  | mutation]
   170 | D        | Gained mutation: You are robust. (+10% HP) [potion of
                  | mutation]
   171 | D        | Lost mutation: You are weak. (Str -2) [potion of mutation]
   171 | D        | Lost mutation: You are robust. (+10% HP) [potion of
                  | mutation]
   171 | D        | Gained mutation: You expend magic power (3 MP) to
                  | strengthen your wands. [potion of mutation]
   171 | D        | Gained mutation: You are partially covered in thin metallic
                  | scales. (AC +2) [potion of mutation]
   178 | D        | Reached skill level 5 in Spellcasting
   178 | D        | Reached XP level 3. HP: 13/19 MP: 6/11
   278 | D        | Learned a level 3 spell: Stone Arrow
   295 | D        | Reached skill level 6 in Spellcasting
   424 | D        | Noticed a water elemental
   426 | D        | Killed a water elemental
   427 | D        | Reached skill level 7 in Spellcasting
   427 | D        | Reached XP level 4. HP: 24/24 MP: 8/15
   479 | D        | Found a radiant altar of Vehumet.
   479 | D        | Found a shimmering blue altar of Sif Muna.
   479 | D        | Found an ancient bone altar of Kikubaaqudgha.
   479 | D        | Noticed a wizard
   480 | D        | Killed a wizard
   481 | D        | Reached skill level 8 in Spellcasting
   481 | D        | Reached skill level 1 in Conjurations
   481 | D        | Reached XP level 5. HP: 28/28 MP: 12/17
   489 | D        | Became a worshipper of Vehumet
   564 | D        | Learned a level 5 spell: Lee's Rapid Deconstruction
   569 | D        | Learned a level 4 spell: Petrify
   591 | D        | Found a basalt altar of Yredelemnul.
   591 | D        | Found a shadowy altar of Dithmenos.
   591 | D        | Found a sacrificial altar of Ru.
   591 | D        | Noticed a necrophage
   593 | D        | Reached skill level 9 in Spellcasting
   593 | D        | Killed a necrophage
   594 | D        | Reached skill level 10 in Spellcasting
   594 | D        | Reached skill level 10 in Earth Magic
   594 | D        | Reached XP level 6. HP: 29/32 MP: 11/21
   628 | D        | Found a hide-covered altar of Uskayaw.
   628 | D        | Found a roughly hewn altar of Beogh.
   628 | D        | Found an iron altar of Okawaru.
   628 | D        | Found a bloodstained altar of Trog.
   628 | D        | Found an ornate altar of the Wu Jian Council.
   628 | D        | Noticed a human
   628 | D        | Noticed a human
   631 | D        | Killed a human
   631 | D        | Reached * piety under Vehumet
   631 | D        | Offered knowledge of Shock by Vehumet.
   632 | D        | Reached skill level 11 in Spellcasting
   632 | D        | Killed a human
   633 | D        | Reached skill level 5 in Dodging
   633 | D        | Reached skill level 12 in Spellcasting
   633 | D        | Reached XP level 7. HP: 36/36 MP: 3/25
   750 | D        | Found a glowing silver altar of Zin.
   750 | D        | Found a glowing golden altar of the Shining One.
   750 | D        | Found a white marble altar of Elyvilon.
   750 | D        | Noticed a deep elf mage
   752 | D        | Killed a deep elf mage
   753 | D        | Reached skill level 14 in Spellcasting
   753 | D        | Reached XP level 8. HP: 30/41 MP: 15/28
   880 | D        | Reached ** piety under Vehumet
   880 | D        | Offered knowledge of Foxfire by Vehumet.
   883 | D        | Reached skill level 15 in Spellcasting
   927 | D        | Found a blossoming altar of Fedhas.
   927 | D        | Found a stormy altar of Qazlal.
   927 | D        | Found a snail-covered altar of Cheibriados.
   927 | D        | Found a burning altar of Makhleb.
   927 | D        | Found a shimmering altar of Xom.
   928 | D        | Found a hazy altar of Hepliaklqana.
   928 | D        | Found an opulent altar of Gozag.
   928 | D        | Found a sparkling altar of Nemelex Xobeh.
   928 | D        | Found a corrupted altar of Lugonu.
   928 | D        | Found a viscous altar of Jiyva.
  1008 | D        | Killed a hellion
  1026 | D        | Offered knowledge of Ignite Poison by Vehumet.
  1028 | D        | Reached *** piety under Vehumet
  1029 | D        | Reached skill level 16 in Spellcasting
  1108 | D        | Noticed a two-headed ogre
  1113 | D        | Killed a two-headed ogre
  1114 | D        | Noticed a two-headed ogre
  1140 | D        | Killed a two-headed ogre
  1141 | D        | Reached skill level 17 in Spellcasting
  1141 | D        | Reached XP level 9. HP: 45/45 MP: 3/32
  1287 | D        | Noticed Erolcha
  1289 | D        | Offered knowledge of Sticky Flame by Vehumet.
  1290 | D        | Reached skill level 15 in Earth Magic
  1296 | D        | Killed Erolcha
  1296 | D        | Reached **** piety under Vehumet
  1297 | D        | Reached skill level 18 in Spellcasting
  1474 | D        | Noticed a wandering mushroom
  1478 | D        | Noticed a wandering mushroom
  1484 | D        | Learned a level 4 spell: Sticky Flame
  1488 | D        | Killed a wandering mushroom
  1488 | D        | Offered knowledge of Bolt of Magma by Vehumet.
  1496 | D        | Learned a level 5 spell: Bolt of Magma
  1496 | D        | Noticed a wandering mushroom
  1502 | D        | Killed a wandering mushroom
  1503 | D        | Reached skill level 19 in Spellcasting
  1504 | D        | Killed a wandering mushroom
  1695 | D        | Noticed an orc sorcerer
  1696 | D        | Reached ***** piety under Vehumet
  1696 | D        | Offered knowledge of Hailstorm by Vehumet.
  1697 | D        | Reached skill level 1 in Fire Magic
  1697 | D        | Reached XP level 10. HP: 50/50 MP: 35/35
  1697 | D        | Killed an orc sorcerer
  1706 | D        | Noticed an orc high priest
  1708 | D        | Killed an orc high priest
  1709 | D        | Reached skill level 20 in Spellcasting
  1710 | D        | Reached skill level 1 in Evocations
  1720 | D        | Noticed an orc sorcerer
  1721 | D        | Killed an orc sorcerer
  1721 | D        | Reached ****** piety under Vehumet
  1757 | D        | Found Aluituid's Antique Armour Emporium.
  1779 | D        | Noticed a deep elf mage
  1779 | D        | Noticed a deep elf mage
  1779 | D        | Noticed a deep elf mage
  1779 | D        | Noticed a deep elf mage
  1779 | D        | Noticed a deep elf mage
  1790 | D        | Killed a deep elf mage
  1800 | D        | Killed a deep elf mage
  1801 | D        | Killed a deep elf mage
  1802 | D        | Reached skill level 21 in Spellcasting
  1870 | D        | Noticed a deep elf high priest
  1870 | D        | Noticed a deep elf annihilator
  1875 | D        | Killed a deep elf mage
  1876 | D        | Killed a deep elf mage
  1980 | D        | Bought a pair of runed boots for 187 gold pieces
  1985 | D        | Identified a +1 pair of boots of running (You bought it in
                  | a shop in the Dungeon)
  2004 | D        | Noticed a deep elf annihilator
  2007 | D        | Killed a deep elf high priest
  2007 | D        | Offered knowledge of Yara's Violent Unravelling by Vehumet.
  2008 | D        | Reached XP level 11. HP: 54/54 MP: 27/38
  2008 | D        | Killed a deep elf annihilator
  2008 | D        | Noticed a deep elf death mage
  2008 | D        | Noticed a deep elf blademaster
  2008 | D        | Noticed a deep elf demonologist
  2009 | D        | Reached skill level 22 in Spellcasting
  2010 | D        | Killed a deep elf annihilator
  2011 | D        | Identified the ring of Jimizila {Ice rPois Dex+2}
  2011 | D        | Noticed a deep elf annihilator
  2013 | D        | Noticed a small abomination
  2148 | D        | Killed a deep elf demonologist
  2153 | D        | Killed a deep elf annihilator
  2154 | D        | Reached skill level 5 in Conjurations
  2160 | D        | Killed a deep elf death mage
  2161 | D        | Reached skill level 23 in Spellcasting
  2161 | D        | Killed a deep elf blademaster
  2162 | D        | Killed a ghostly deep elf annihilator
  2222 | D        | Killed a small abomination
  2223 | D        | Reached skill level 24 in Spellcasting
  2234 | D        | Got a slimy ruby amulet
  2236 | D        | Identified the Grimoire of Transformation
  2325 | D        | Got a slimy glaive
  2326 | D        | Identified the +10 glaive of Ashenzari's Scorn {protect,
                  | +Inv rPois rF++ Int-2} (You found it in the Dungeon)
  2348 | D        | Learned a level 8 spell: Lehudib's Crystal Spear
  2433 | D        | Reached XP level 12. HP: 33/59 MP: 31/42
  2440 | D        | Offered knowledge of Conjure Ball Lightning by Vehumet.
  2789 | D        | Noticed Urug
  2795 | D        | Killed Urug
  2981 | D        | Offered knowledge of Iron Shot by Vehumet.
  3098 | D        | Reached skill level 25 in Spellcasting
  3139 | D        | Noticed Rupert
  3141 | D        | Killed Rupert
  3186 | D        | Noticed a death yak
  3186 | D        | Noticed a death yak
  3189 | D        | Killed a death yak
  3189 | D        | Noticed a death yak
  3191 | D        | Killed a death yak
  3191 | D        | Offered knowledge of Iskenderun's Battlesphere by Vehumet.
  3192 | D        | Reached skill level 5 in Transmutations
  3192 | D        | Killed a death yak
  3193 | D        | Reached skill level 26 in Spellcasting
  3203 | D        | Noticed a death yak
  3205 | D        | Killed a death yak
  3276 | D        | Noticed an azure jelly
  3276 | D        | Noticed an azure jelly
  3286 | D        | Noticed Polyphemus
  3304 | D        | Noticed Ilsuiw
  3317 | D        | Slain by Polyphemus

Illustrated notes

Levels and vault maps discovered:
D:        dungeon_sprint_mu [sprint_mu_entry_forest, sprint_mu_temple_rooms,
          sprint_mu_d1_spiders, sprint_mu_d2_genie, sprint_mu_d3_branching,
          sprint_mu_orc_legion, sprint_mu_elf_gauntlet, sprint_mu_hive_nellie,
          sprint_mu_lair_fedhas, sprint_mu_vaults_butterflies,
          sprint_mu_slime_circle, sprint_mu_swamp_cave, sprint_mu_shoals_archi,
          sprint_mu_blade_basic, sprint_mu_crypt_fortress,
          sprint_mu_tomb_spiral, sprint_mu_vestibule_basic,
          sprint_mu_gehenna_hellfire, sprint_mu_dis_giant,
          sprint_mu_tartarus_statrot, sprint_mu_cocytus_islands, sprint_mu_zot1]

Skill      XL: |  1  2  3  4  5  6  7  8  9 10 11 12 |
---------------+-------------------------------------+-----
Transmutations | 2 3 5 |  5.4
Dodging        | 3 4 5 |  5.5
Spellcasting   | 4 5 7 8 10 12 14 17 19 21 24 26 | 26.3
Earth Magic    | 5 6 8 10 11 13 14 16 18 21 22 | 22.7
Conjurations   | 1 2 3 4 6 |  6.6
Fire Magic     | 1 2 4 |  4.8
Evocations     | 1 |  1.7
Fighting       | |  0.2
Stealth        | |  2.7

Action                   |  1- 3 |  4- 6 |  7- 9 | 10-12 || total
-------------------------+-------+-------+-------+-------++-------
 Cast: Sandblast         |    12 |     2 |     3 |     2 ||    19
       Passwall          |     1 |       |       |     4 ||     5
       Stone Arrow       |     3 |     5 |     6 |       ||    14
       Lee's Rapid Decon |       |     4 |    22 |    73 ||    99
       Bolt of Magma     |       |       |     3 |     8 ||    11
       Petrify           |       |       |       |     8 ||     8
       Lehudib's Crystal |       |       |       |     2 ||     2
Evoke: Tin of tremorston |       |       |     1 |     2 ||     3
  Use: Potion            |     4 |       |       |     3 ||     7
Armor: Robe              |       |     1 |       |     3 ||     4
Dodge: Dodged            |     2 |       |     8 |    10 ||    20

Table legend: (Time is in decaauts)
 A = Elapsed time spent in this place.
 B = Non-inter-level travel time spent in this place.
 C = Inter-level travel time spent in this place.
 D = Time resting spent in this place.
 E = Time spent auto-exploring this place.
 F = Levels seen in this place.
 G = Mean time per level.
                   A        B        C        D        E       F      G
               +--------+--------+--------+--------+--------+-----+--------+
         Total |   3295 |   3295 |      0 |   2249 |      1 |   1 | 3295.0 |
       Dungeon |   3295 |   3295 |      0 |   2249 |      1 |   1 | 3295.0 |
               +--------+--------+--------+--------+--------+-----+--------+

Top non-repeatable levels by time:
       D: 3295 daAuts
